 Dungeon Crawl Stone Soup version 0.28-a0-687-gb91baff9cc (webtiles) character file.

Game seed: 13501765117952333984

118 Irenicus the Digger (level 4, -4/32 (36) HPs)
             Began as a Deep Dwarf Earth Elementalist on Oct 19, 2021.
             Slain by a wight (6 damage)
             ... on level 6 of the Dungeon.
             The game lasted 00:07:36 (1036 turns).

Irenicus the Digger (Deep Dwarf Earth Elementalist) Turns: 1036, Time: 00:07:37

HP:   -4/32 (36)    AC:  5    Str: 11    XL:     4   Next: 72%
MP:   7/16 (7)      EV: 11    Int: 17    God:
Gold: 76            SH:  0    Dex: 13    Spells: 1/7 levels left

rFire   . . .      SeeInvis .   d - +0 dagger (holy)
rCold   . . .      Faith    .   (no shield)
rNeg    . . .      Spirit   .   k - +0 leather armour
rPois   .          Reflect  .   b - +0 helmet
rElec   .          Harm     .   (no cloak)
rCorr   .          Rampage  .   (no gloves)
Will    .....                   i - +0 pair of boots
Stlth   ++........              (no amulet)
HPRegen 0.00/turn               M - ring of magical power
MPRegen 0.15/turn               (no ring)

@: heavily drained
A: damage resistance, heal wounds, sense surroundings 1, no regeneration
a: Heal Wounds


You were on level 6 of the Dungeon.
You visited 1 branch of the dungeon, and saw 6 of its levels.

You collected 130 gold pieces.
You spent 54 gold pieces at shops.


Innate Abilities, Weirdness & Mutations

You are resistant to damage.
You can heal yourself by infusing magical energy.
You passively map a small area around you.
You do not regenerate.


   Skills:
 - Level 2.1 Dodging
 - Level 2.4 Stealth
 + Level 2.1 Spellcasting
 - Level 0.8 Transmutations
 + Level 7.1 Earth Magic


You had one spell level left.
You knew the following spells:

 Your Spells              Type           Power      Damage    Failure   Level
t - Stone Arrow           Conj/Erth      26%        3d8       19%         3
w - Passwall              Tmut/Erth      12%        N/A       8%          2
z - Sandblast             Erth           50%        2d12      1%          1

Your spell library contained the following spells:

 Spells                   Type           Power      Damage    Failure   Level
 Petrify                  Tmut/Erth      15%        N/A       43%         4
 Borgnjor's Vile Clutch   Necr/Erth      6%         N/A       86%         5
 Alistair's Intoxication  Tmut/Pois      2%         N/A       99%         5
 Eringya's Noxious Bog    Tmut/Pois      1%         N/A       100%        6

Inventory:

Hand Weapons
 d - a +0 dagger of holy wrath (weapon)
Missiles
 c - 46 stones
Armour
 b - a +0 helmet (worn)
 i - a +0 pair of boots (worn)
 k - a +0 leather armour (worn)
Jewellery
 M - a ring of magical power (left hand)
Potions
 a - a potion of berserk rage {unknown}
 e - a potion of heal wounds {unknown}
 f - a potion of attraction {unknown}
 g - a potion of might {unknown}

Dungeon Overview and Level Annotations

Branches:
Dungeon (6/15)
 Temple: D:4-7

Altars:

Shops:
D:4 [ D:6

[ * , * ** ,
, , ** * ,* ,
*, * ** * ,
*, , , , , ,
,,** * *
############,
......#..<.#
.....###@##
... #z# ,
,#.###z#* ,
#.z.z.# ,
#z.#### ,* *
** ##'# * * ,
,* §.≈ * , *
* * §≈.≈§
+..∩§§+,


You could see 3 wights.


Message History

Press: ? - help, Shift-Dir - straight line, f/p - wight
Aim: a wight, wielding a +3 battleaxe and wearing a +0 robe (81% to hit)
The blast of sand misses the wight.
The blast of sand hits the wight!
The wight is almost destroyed.
The wight closely misses you.
The wight hits you from afar with a +2 spear.
Casting: Sandblast (safe; 1% risk of failure)
Confirm with . or Enter, or press ? or * to list all spells.
Aiming: Sandblast (safe; 1% risk of failure)
Press: ? - help, Shift-Dir - straight line, f/p - wight
Aim: a wight, wielding a +3 battleaxe and wearing a +0 robe (81% to hit)
The blast of sand hits the wight!
The wight is heavily damaged.
The wight hits you with a +3 battleaxe!
* * * LOW HITPOINT WARNING * * *
You feel drained.
* * * LOW HITPOINT WARNING * * *
The wight hits you from afar with a +2 spear!
* * * LOW HITPOINT WARNING * * *
You feel drained.
Casting: Sandblast (safe; 1% risk of failure)
Confirm with . or Enter, or press ? or * to list all spells.
Aiming: Sandblast (safe; 1% risk of failure)
Press: ? - help, Shift-Dir - straight line, f/p - wight
Aim: a wight, wielding a +3 battleaxe and wearing a +0 robe (heavily damaged, 81% to hit)
The blast of sand hits the wight.
The wight is severely damaged.
The wight closely misses you.
The wight hits you from afar with a +2 spear!
You die...

Skill      XL: |  1  2  3  4 |
---------------+-------------+-----
Earth Magic    | 5 6 7 |  7.1
Spellcasting   | 2 |  2.1
Dodging        | |  2.1
Stealth        | |  2.4
Transmutations | |  0.8

Action                   |  1- 3 |  4- 6 || total
-------------------------+-------+-------++-------
Melee: Dagger            |    18 |     3 ||    21
 Cast: Sandblast         |    32 |    15 ||    47
       Stone Arrow       |       |     1 ||     1
       Passwall          |       |     1 ||     1
  Use: Scroll            |       |     3 ||     3
 Stab: Sleeping          |     5 |       ||     5
Armor: Robe              |     5 |     2 ||     7
Dodge: Dodged            |    14 |     6 ||    20

Levels and vault maps discovered:
D:1:      scummos_arrival_hexagon, layout_rooms, solitary_fountain
D:2:      layout_loops_corners, shapermc_ecumenical_altar_rom_forum,
          uniq_jessica
D:3:      layout_basic, st_stairs_12, minmay_misc_feat_columns
D:4:      layout_layer_cave, serial_shops, shop
D:5:      layout_basic, solitary_fountain, minmay_misc_feat_secret_circle
D:6:      layout_basic, serial_rivers, chequers_serial_rivers_room_a,
          chequers_serial_rivers_micro_e, chequers_serial_rivers_large_a,
          chequers_serial_rivers_small_3, chequers_serial_rivers_micro_e,
          chequers_serial_rivers_room_b, lightli_ossuary_entry_decrepit_ruins,
          serial_shops, kennysheep_little_box, grunt_decor_resistance

Notes
Turn   | Place    | Note
-------+----------+-------------------------------------------
     0 | D:1      | Irenicus the Deep Dwarf Earth Elementalist began the quest
                  | for the Orb.
     0 | D:1      | Reached XP level 1. HP: 15/15 MP: 3/3
   113 | D:1      | Reached XP level 2. HP: 22/22 MP: 1/4
   209 | D:1      | Reached skill level 5 in Earth Magic
   502 | D:3      | Reached XP level 3. HP: 22/28 MP: 1/5
   558 | D:3      | Reached skill level 6 in Earth Magic
   606 | D:3      | Reached XP level 4. HP: 25/36 MP: 0/6
   864 | D:3      | Learned a level 2 spell: Passwall
   908 | D:4      | Found Ameosu's Armour Shoppe.
   913 | D:4      | Bought a +0 helmet for 54 gold pieces
   957 | D:4      | Learned a level 3 spell: Stone Arrow
  1009 | D:5      | Entered Level 5 of the Dungeon
  1015 | D:5      | Noticed a black bear
  1024 | D:6      | Found Xaed's Antique Armour Shoppe.
  1033 | D:6      | Reached skill level 2 in Spellcasting
  1033 | D:6      | Reached skill level 7 in Earth Magic
  1035 | D:6      | HP: 2/34 [wight (5)]
  1036 | D:6      | Slain by a wight

Vanquished Creatures
  A bullfrog skeleton (D:6)
  An orc wizard (D:3)
  2 adders (D:3)
  An adder skeleton (D:4)
  4 orcs
  An endoplasm (D:3)
  3 giant cockroaches
  6 goblins
  5 hobgoblins
  2 quokkas
  3 ball pythons
  3 bats
  3 frilled lizards
  4 kobolds
  A rat (D:2)
40 creatures vanquished.

Vanquished Creatures (others)
  3 fungi (D:2)
  A plant (D:2)
4 creatures vanquished.

Grand Total: 44 creatures vanquished

Table legend: (Time is in decaauts)
 A = Elapsed time spent in this place.
 B = Non-inter-level travel time spent in this place.
 C = Inter-level travel time spent in this place.
 D = Time resting spent in this place.
 E = Time spent auto-exploring this place.
 F = Levels seen in this place.
 G = Mean time per level.
                   A        B        C        D        E       F      G
               +--------+--------+--------+--------+--------+-----+--------+
         Total |   1034 |    999 |     35 |      0 |      0 |   6 |  172.3 |
       Dungeon |   1034 |    999 |     35 |      0 |      0 |   6 |  172.3 |
               +--------+--------+--------+--------+--------+-----+--------+

Top non-repeatable levels by time:
     D:3: 391 daAuts
     D:1: 336 daAuts
     D:2: 164 daAuts
     D:4: 116 daAuts
     D:6: 16 daAuts
     D:5: 9 daAuts

Table legend:
 A = Non-vault XP
 B = Vault XP
 C = Vault XP percentage of total XP
 D = Non-vault monster count
 E = Vault monster count
 F = Vault count percentage of total count
                 A         B        C        D         E       F
            +---------+---------+-------+---------+---------+-------
      Total |     167 |       2 |   1.2 |      39 |       1 |   2.5
            +---------+---------+-------+---------+---------+-------
        D:1 |      28 |       0 |   0.0 |      16 |       0 |   0.0
        D:2 |       7 |       0 |   0.0 |       5 |       0 |   0.0
        D:3 |      81 |       2 |   2.4 |      13 |       1 |   7.1
        D:4 |      12 |       0 |   0.0 |       4 |       0 |   0.0
        D:6 |      39 |       0 |   0.0 |       1 |       0 |   0.0
            +---------+---------+-------+---------+---------+-------
